 Dungeon Crawl Stone Soup version 0.26-a0-682-g294304f6e8 (webtiles) character file.

Game seed: 3361695595671794523

188216 dickylongcocking the Alchemist (level 17, -4/101 HPs)
             Began as a Felid Venom Mage on Oct 21, 2020.
             Was an Initiate of Gozag.
             Hit by a silver javelin thrown by a merfolk javelineer (20 damage)
             ... on level 4 of the Shoals.
             The game lasted 01:20:42 (61871 turns).

dickylongcocking the Alchemist (Felid Venom Mage)  Turns: 61871, Time: 01:20:43

Health: -4/101     AC: 34    Str:  4    XL:     17   Next: 46%
Magic:  11/33      EV: 29    Int: 30    God:    Gozag
Gold:   3380       SH:  0    Dex: 17    Spells: 2/38 levels left
                                        Lives:  0   Deaths: 5

rFire    . . .     SeeInvis +     - Unarmed
rCold    . . .     Faith    .   (shield unavailable)
rNeg     + + +     Spirit   .   (armour unavailable)
rPois    ∞         Reflect  .   (helmet unavailable)
rElec    +         Harm     .   (cloak unavailable)
rCorr    .         Rampage  .   (gloves unavailable)
MR       ++...                  (boots unavailable)
Stlth    ++++......             l - amulet of Mullaz {Acrobat Int+2}
HPRegen  0.26/turn              f - ring "Yraos" {Int+5 SInv}
MPRegen  0.23/turn              i - ring "Ytuan" {rN++ AC+4 SInv}

@: statue-form, gold aura, very slightly contaminated, invisible, very slow
A: very small, no armour, no weapons or thrown items, stealth, claws 1, fangs 3,
see invisible, poison resistance, wild magic 1, sharp paws
}: 1/15 runes: serpentine
a: End Transformation, Potion Petition, Call Merchant, Bribe Branch, Renounce
Religion


You were on level 4 of the Shoals.
You worshipped Gozag.
Gozag was most pleased with you.
You were a stone statue.
You visited 6 branches of the dungeon, and saw 32 of its levels.
You also visited: Volcano.

You collected 14331 gold pieces.
You spent 6151 gold pieces at shops.
You paid 4800 gold pieces to Gozag.

Inventory:

Jewellery
 a - an uncursed amulet of reflection
 f - the ring "Yraos" (left paw) {Int+5 SInv}
   (You found it on level 8 of the Dungeon)

   [ring of see invisible]

   It affects your intelligence (+5).
   It lets you see invisible.
 i - the ring "Ytuan" (right paw) {rN++ AC+4 SInv}
   (You bought it in a shop on level 10 of the Dungeon)

   [ring of protection]

   It affects your AC (+4).
   It greatly protects you from negative energy.
   It lets you see invisible.
 l - the amulet of Mullaz (around neck) {Acrobat Int+2}
   (You found it on level 3 of the Shoals)

   [amulet of the acrobat]

   It helps you evade while moving and waiting.
   It affects your intelligence (+2).
 m - an uncursed amulet of guardian spirit
 p - the ring of Umunguv {rCorr Str+4 Int-3 Dex+7 Slay-6}
   (You found it on level 6 of the Dungeon)

   [ring of resist corrosion]

   It affects your strength (+4).
   It affects your intelligence (-3).
   It affects your dexterity (+7).
   It affects your accuracy and damage with ranged weapons and melee attacks
   (-6).
   It provides partial protection from all sources of acid and corrosion.
 u - an uncursed ring of flight
 B - an uncursed ring of stealth
 D - a +6 ring of dexterity
 F - an uncursed ring of protection from fire
Wands
 j - a wand of flame (90)
 o - a wand of random effects (49)
 w - a wand of disintegration (35)
 E - a wand of polymorph (7)
 G - a wand of digging (2)
 I - a wand of acid (7)
 K - a wand of iceblast (6)
 L - a wand of paralysis (15)
 M - a wand of enslavement (7)
Scrolls
 c - 10 scrolls of teleportation
 e - 4 scrolls of immolation
 g - a scroll of fog
 h - 14 scrolls of remove curse
 k - 8 scrolls of identify
 q - 4 scrolls of silence
 r - 4 scrolls of vulnerability
 N - 3 scrolls of magic mapping
Potions
 b - 4 potions of berserk rage
 d - 8 potions of flight
 n - 5 potions of brilliance
 s - 6 potions of curing
 t - a potion of resistance
 v - 2 potions of haste
 x - 3 potions of mutation
 z - 5 potions of might
 C - 2 potions of stabbing
 H - 3 potions of cancellation
 J - 2 potions of invisibility
Miscellaneous
 y - a box of beasts (3/3)


   Skills:
 * Level 11.1 Fighting
 - Level 13.5 Dodging
 + Level 9.1 Stealth
 * Level 12.0 Unarmed Combat
 - Level 11.0 Spellcasting
   Level 3.0 Hexes
 - Level 12.0 Necromancy
 - Level 18.5 Transmutations
 - Level 2.0 Fire Magic
   Level 0.8 Ice Magic
 * Level 9.0 Earth Magic
 - Level 9.5 Poison Magic
 - Level 6.0 Evocations


You had 2 spell levels left.
You knew the following spells:

 Your Spells              Type           Power        Failure   Level
a - Sting                 Tmut/Pois      ####         1%          1
c - Petrify               Tmut/Erth      #######.     1%          4
d - Olgreb's Toxic Radia  Pois           #######.     1%          4
e - Dragon Form           Tmut           ########..   2%          7
f - Necromutation         Tmut/Necr      #######...   45%         8
i - Ignite Poison         Fire/Tmut/Pois #######.     1%          3
x - Mephitic Cloud        Conj/Pois/Air  #####...     4%          3
z - Statue Form           Tmut/Erth      #######..    3%          6

Your spell library contained the following spells:

 Spells                   Type           Power        Failure   Level
 Animate Skeleton         Necr           ######       1%          1
 Beastly Appendage        Tmut           ######       1%          1
 Corona                   Hex            #####..      1%          1
 Pain                     Necr           ####         1%          1
 Poisonous Vapours        Pois/Air       ######       1%          2
 Wereblood                Tmut           ########     1%          2
 Slow                     Hex            #####...     2%          2
 Foxfire                  Conj/Fire      ####         3%          1
 Ensorcelled Hibernation  Hex/Ice        #####.       4%          2
 Magic Dart               Conj           ###.         5%          1
 Summon Small Mammal      Summ           ###.         5%          1
 Blink                    Tloc           N/A          8%          2
 Call Imp                 Summ           ###.....     8%          2
 Spider Form              Tmut/Pois      #######...   1%          3
 Vampiric Draining        Necr           #######...   1%          3
 Animate Dead             Necr           #######...   1%          4
 Ice Form                 Ice/Tmut       #######.     1%          4
 Agony                    Necr           #######.     1%          5
 Blade Hands              Tmut           ########..   1%          5
 Yara's Violent Unravell  Hex/Tmut       #######...   2%          5
 Confusing Touch          Hex            #####...     4%          3
 Tukima's Dance           Hex            #####...     4%          3
 Leda's Liquefaction      Hex/Erth       ######....   4%          4
 Inner Flame              Hex/Fire       #####...     5%          3
 Dazzling Flash           Conj/Hex       ####..       8%          3
 Summon Guardian Golem    Hex/Summ       ####....     8%          3
 Conjure Flame            Conj/Fire      ####....     10%         3
 Cause Fear               Hex            #####.....   13%         4
 Call Canine Familiar     Summ           ###.....     14%         3
 Gell's Gravitas          Tloc           ###.......   14%         3
 Bolt of Magma            Conj/Fire/Erth ######....   26%         5
 Sticky Flame             Conj/Fire      ####....     28%         4
 Summon Ice Beast         Ice/Summ       ###.....     34%         4
 Summon Lightning Spire   Summ/Air       ###.....     38%         4
 Simulacrum               Ice/Necr       ######....   43%         6
 Metabolic Englaciation   Hex/Ice        #####.....   45%         5
 Fireball                 Conj/Fire      ####......   58%         5
 Iron Shot                Conj/Erth      ######....   67%         6
 Borgnjor's Revivificati  Necr           #######...   88%         8
 Infestation              Necr           #######...   88%         8
 Haunt                    Necr/Summ      ######....   95%         7
 Freezing Cloud           Conj/Ice/Air   ###.......   99%         6
 Ozocubu's Refrigeration  Ice            ####......   99%         6
 Death's Door             Necr           #######...   100%        9
 Dragon's Call            Summ           ###.......   100%        9
 Shatter                  Erth           #######...   100%        9


Dungeon Overview and Level Annotations

Branches:
Dungeon (15/15)            Temple (1/1) D:6            Lair (6/6) D:8
 Shoals (4/4) Lair:4        Snake (4/4) Lair:3        Slime (0/5) Lair:6
    Orc (2/2) D:9             Elf (0/3) Orc:2        Vaults (0/5) D:14
 Depths (0/5) D:15        Volcano (visited)

Altars:
Ashenzari
Cheibriados
Dithmenos
Elyvilon
Fedhas
Gozag
Hepliaklqana
Kikubaaqudgha
Makhleb
Nemelex Xobeh
Okawaru
Qazlal
Ru
Sif Muna
Trog
Uskayaw
Vehumet
Wu Jian
Xom
Yredelemnul
Zin
The Shining One

Shops:
D:10 =   D:14 (   D:15 !::?   Orc:1 ?   Orc:2 (:[*   Snake:1 [[}[   Snake:3 ((
Snake:4 [

Annotations:
Shoals:2 3 runed translucent doors, robertstho's ghost, journeyman GnIE
Snake:1 2 transporters, exclusion: orange crystal statue
Orc:2 3 runed translucent doors, marcb3's ghost, journeyman DEIE; mg7810's ghost, journeyman MiMo


Innate Abilities, Weirdness & Mutations

You cannot wear armour.
You are incapable of wielding weapons or throwing items.
Your paws allow you to move quietly. (Stealth)
You have sharp claws.
You have razor-sharp teeth.
You have supernaturally acute eyesight. (SInv)
((You cover ground quickly.))
((Your thick and shaggy fur keeps you warm. (AC +3, rC+)))
Your sharp claws are effective at attacking unaware monsters.
Your system is resistant to poisons. (rPois)
Your spells are a little harder to cast, but a little more powerful.


Message History

The ball of steam hits you but does no damage.
Unknown command.
Unknown command.
Unknown command.
Unknown command.
Unknown command.
Casting: Olgreb's Toxic Radiance (mildly dangerous; 1% risk of failure)
Confirm with . or Enter, or press ? or * to list all spells.
You ignite the poison in your surroundings!
The merfolk aquamancer seems to burn from within!!!
You kill the merfolk aquamancer!
The merfolk impaler shouts!
You are engulfed in a cloud of scalding steam.
The merfolk impaler is poisoned.
The merfolk javelineer is poisoned.
Your toxic aura wanes.
You hear a shout!
The merfolk javelineer throws a silver javelin.
The silver javelin pierces through you!!
You die...
Your body crumbles into a pile of gold.

≈P≈≈≈≈≈≈≈≈≈≈≈≈<.)....≈#
...P≈≈≈P≈≈≈≈≈≈≈.......≈≈
....PPP≈P≈P≈≈≈≈≈≈≈≈≈≈≈≈≈
....≈.P≈P≈≈≈≈≈≈≈≈≈≈≈≈≈≈≈
....P.....P.....≈≈≈≈≈≈≈≈
..^..(..........≈≈≈≈≈≈(≈
#≈..(...........≈≈≈≈≈≈≈
##.§§(.(........≈≈≈≈≈≈≈
..#..§8.........≈≈≈≈≈≈≈
##...§§.≈####.#≈≈≈≈≈≈
#......$## ###≈≈≈≈≈≈
#≈....##m≈ ≈≈≈≈ #≈...?≈
≈$≈≈ ≈≈≈≈ ##....###≈#m#
≈≈≈≈ .....# Z≈ ≈ ......#


m#m m You could see a merfolk javelineer (poisoned) and a merfolk (wandering,
poisoned).

Vanquished Creatures
  The ghost of Ugeupsej the Severer, an adept MiBe of Trog (Snake:2)
  The ghost of Ugeupsej the Severer, an adept MiBe of Trog (Snake:2)
  Roxanne (Shoals:1)
  Agnes (D:15)
  6 nagarajas (Snake:4)
  The ghost of garrulousMonolith the Blocker, an adept GnFi of Cheibriados (Snake:2)
  The ghost of Icun the Thaumaturge, a journeyman GnWr of Okawaru (Snake:2)
  An orc warlord (Orc:2)
  Nessos (D:14)
  3 merfolk javelineers
  8 merfolk impalers
  A fire dragon (D:15)
  Josephine (D:11)
  3 vault guards
  11 naga warriors
  A merfolk avatar (Shoals:2)
  10 hydras
  2 ice dragons
  2 boulder beetles
  A catoblepas (Lair:5)
  An alligator snapping turtle (Shoals:3)
  7 two-headed ogres
  A satyr (Shoals:3)
  18 anacondas
  4 centaur warriors
  A death knight (D:11)
  A merfolk aquamancer (Shoals:4)
  9 death yaks
  The ghost of YayAnonymity the Blocker, a novice FoFi of Qazlal (D:8)
  9 naga sharpshooters
  9 orc high priests
  Sonja (D:13)
  10 shock serpents
  13 sea snakes
  4 salamander mystics (Snake:4)
  3 unseen horrors
  8 naga ritualists
  4 lindwurms (Snake:4)
  A wizard (D:15)
  8 harpies
  7 manticores
  9 fauns
  14 ugly things
  2 orc sorcerers
  An orc knight (Orc:2)
  17 mana vipers
  7 oklob plants
  13 elephants
  11 salamanders
  21 naga magi
  Maurice (D:13)
  4 centaur zombies
  36 black mambas
  3 water nymphs
  8 guardian serpents
  5 merfolk sirens
  34 cane toads
  7 rime drakes
  9 komodo dragons
  A tengu conjurer (D:15)
  25 merfolk
  3 polar bears
  7 trolls
  4 tyrant leeches (Lair:6)
  A harpy skeleton (D:15)
  2 wind drakes (Shoals:2)
  A hornet (D:13)
  A troll (shapeshifter) (D:14)
  23 blink frogs
  8 slime creatures
  6 snapping turtles
  7 dream sheep (Lair:5)
  5 water elementals
  48 yaks
  7 wraiths
  A vampire (D:13)
  4 wyverns
  2 fire bats (Volcano)
  14 basilisks
  8 humans (D:14)
  A steam dragon (D:11)
  14 vampire mosquitoes
  5 wargs
  A soldier ant (D:12)
  A soldier ant (shapeshifter) (D:15)
  An acid dragon (D:13)
  43 nagas
  Duvessa (D:7)
  17 water moccasins
  2 sky beasts
  6 ice beasts
  26 orc warriors
  3 phantoms
  2 black bears
  A necrophage (D:12)
  22 wolves
  10 ogres
  An eye of draining (D:14)
  18 centaurs
  Blork the orc (D:4)
  29 bullfrogs
  3 gnoll sergeants
  A wyvern zombie (D:10)
  5 scorpions
  A hornet simulacrum (D:15)
  Dowan (D:7)
  A water moccasin skeleton (D:5)
  6 killer bees
  18 wights
  3 howler monkeys (D:8)
  2 electric eels
  4 bullfrog zombies
  10 hounds
  4 jellies
  16 orc priests
  4 centaur skeletons
  3 bullfrog skeletons
  20 worker ants
  2 iguanas
  29 orc wizards
  21 gnolls
  13 adders
  A howler monkey skeleton (D:5)
  2 shadow imps
  A white imp (D:9)
  An ufetubus (D:5)
  An ooze (D:2)
  4 worms
  4 dart slugs
  9 leopard geckos
  93 orcs
  A ball python (D:1)
  3 bats
  3 giant cockroaches
  6 goblins
  4 hobgoblins
  9 jackals
  7 kobolds
  5 quokkas
  4 frilled lizards
  A leopard gecko skeleton (D:4)
  3 rats
1091 creatures vanquished.

Vanquished Creatures (collateral kills)
  Frances (Snake:2)
  A nagaraja (Snake:4)
  The ghost of Icun the Thaumaturge, a journeyman GnWr of Okawaru (Snake:2)
  2 naga warriors
  A centaur warrior (D:13)
  A merfolk avatar (Shoals:4)
  A naga sharpshooter (Snake:4)
  A harpy (Shoals:4)
  A naga ritualist (Snake:4)
  A salamander (Volcano)
  3 naga magi (Snake:4)
  A hell hound (Volcano)
  An orc warrior (D:13)
  A centaur (D:15)
  A wight (D:15)
  An orc priest (D:13)
  An orc (D:13)
20 creatures vanquished.

Vanquished Creatures (others)
  A merfolk javelineer (Shoals:4)
  A harpy (Shoals:4)
  A human (D:14)
  A wolf (Lair:4)
  A killer bee (D:13)
  A bush (Lair:6)
  52 fungi
  190 plants
  5 withered plants (Orc:2)
253 creatures vanquished.

Grand Total: 1364 creatures vanquished

Notes
Turn   | Place    | Note
-------+----------+-------------------------------------------
     0 | D:1      | dickylongcocking the Felid Venom Mage began the quest for
                  | the Orb.
     0 | D:1      | Reached XP level 1. HP: 7/7 MP: 4/4
   323 | D:1      | Reached XP level 2. HP: 7/11 MP: 0/6
  1713 | D:2      | Reached skill level 2 in Transmutations
  1713 | D:2      | Reached XP level 3. HP: 6/15 MP: 3/7
  1935 | D:2      | Found an ornate altar of the Wu Jian Council.
  2150 | D:2      | Learned a level 3 spell: Ignite Poison
  2287 | D:2      | Reached skill level 1 in Fighting
  2732 | D:2      | Reached XP level 4. HP: 19/19 MP: 1/8
  4063 | D:3      | Reached XP level 5. HP: 22/22 MP: 10/10
  4597 | D:3      | Reached skill level 3 in Transmutations
  4668 | D:4      | Noticed an ogre
  4682 | D:4      | Killed an ogre
  4682 | D:4      | Gained mutation: You are covered in thick fur. (AC +2)
                  | [Felid growth]
  4682 | D:4      | Reached XP level 6. HP: 5/27 MP: 10/12
  5084 | D:4      | Noticed Blork the orc
  5656 | D:3      | Learned a level 4 spell: Olgreb's Toxic Radiance
  5702 | D:4      | Gained mutation: You are weak. (Str -2) [potion of
                  | mutation]
  5702 | D:4      | Gained mutation: You are partially covered in thin metallic
                  | scales. (AC +2) [potion of mutation]
  6495 | D:4      | Reached skill level 4 in Transmutations
  6790 | D:4      | Killed from afar by an orc priest
  6791 | D:4      | Reached XP level 5. HP: -14/24 MP: 1/11
  6793 | D:4      | Reached XP level 6. HP: 28/28 MP: 12/12
  7102 | D:4      | Found a glowing golden altar of the Shining One.
  7209 | D:4      | Killed Blork the orc
  7476 | D:5      | Entered Level 5 of the Dungeon
  7656 | D:5      | Reached XP level 7. HP: 28/31 MP: 9/14
  8166 | D:5      | Reached skill level 5 in Transmutations
  8166 | D:5      | Reached skill level 5 in Poison Magic
  8325 | D:5      | Reached skill level 1 in Unarmed Combat
  8703 | D:5      | Reached skill level 5 in Dodging
  8784 | D:5      | Reached XP level 8. HP: 27/34 MP: 11/16
  9300 | D:6      | Found a shimmering altar of Xom.
  9441 | D:6      | Found a blossoming altar of Fedhas.
  9444 | D:6      | Reached skill level 5 in Spellcasting
  9444 | D:6      | Reached skill level 1 in Fire Magic
  9786 | D:6      | Slain by a wyvern zombie
  9787 | D:6      | Reached XP level 7. HP: 0/31 MP: 15/15
  9966 | D:6      | Learned a level 3 spell: Mephitic Cloud
  9991 | D:6      | Learned a level 4 spell: Petrify
 10091 | D:6      | Got a glittering golden ring
 10139 | D:6      | Reached skill level 6 in Transmutations
 10139 | D:6      | Reached XP level 8. HP: 26/34 MP: 3/17
 10531 | D:6      | Found a staircase to the Ecumenical Temple.
 10598 | Temple   | Entered the Ecumenical Temple
 10702 | Temple   | Became a worshipper of Gozag Ym Sagoz the Greedy
 11011 | D:6      | Reached skill level 1 in Earth Magic
 11570 | D:7      | Reached skill level 1 in Evocations
 12006 | D:7      | Found a radiant altar of Vehumet.
 12100 | D:7      | Identified the ring of Umunguv {rCorr Str+4 Int-3 Dex+7
                  | Slay-6} (You found it on level 6 of the Dungeon)
 12619 | D:7      | Noticed Duvessa
 12619 | D:7      | Noticed Dowan
 12624 | D:7      | Killed Dowan
 12635 | D:7      | Killed Duvessa
 12635 | D:7      | Reached XP level 9. HP: 24/37 MP: 0/18
 13377 | D:8      | You fall into a shaft and drop 3 floors!
 13378 | D:11     | Noticed an unseen horror
 13383 | D:11     | Killed an unseen horror
 13383 | D:11     | Reached skill level 7 in Transmutations
 13511 | D:11     | Noticed a manticore
 13517 | D:11     | Killed a manticore
 13620 | D:11     | Noticed a troll
 13631 | D:11     | Killed a troll
 13770 | D:11     | Noticed a troll
 13781 | D:11     | Killed a troll
 13781 | D:11     | Reached XP level 10. HP: 42/42 MP: 2/20
 13930 | D:10     | Entered Level 10 of the Dungeon
 14137 | D:10     | Noticed an unseen horror
 14144 | D:10     | Killed an unseen horror
 14958 | D:10     | Reached skill level 8 in Transmutations
 15628 | D:8      | Found a runed translucent door.
 15633 | D:8      | Noticed YayAnonymity's ghost (novice FoFi)
 16147 | D:8      | Found a staircase to the Lair.
 16148 | D:8      | Noticed an elephant
 16152 | D:8      | Killed an elephant
 16152 | D:8      | Reached skill level 5 in Unarmed Combat
 16546 | D:8      | Got a coiled bone ring
 16795 | D:8      | Killed YayAnonymity's ghost
 17767 | D:9      | Found a staircase to the Orcish Mines.
 17776 | D:9      | Reached XP level 11. HP: 39/45 MP: 14/22
 17883 | D:9      | Identified the ring "Yraos" {Int+5 SInv} (You found it on
                  | level 8 of the Dungeon)
 17885 | Orc:1    | Entered Level 1 of the Orcish Mines
 18224 | Orc:1    | Noticed an orc high priest
 18227 | Orc:1    | Killed an orc high priest
 18229 | Orc:1    | Found Cobled's Magic Scroll Boutique.
 18238 | Orc:1    | Bought a scroll of teleportation for 39 gold pieces
 18238 | Orc:1    | Bought a scroll of holy word for 97 gold pieces
 18731 | Orc:1    | Noticed an orc sorcerer
 18735 | Orc:1    | Killed an orc sorcerer
 18752 | Orc:1    | Lost strength.
 18760 | Orc:1    | Reached skill level 5 in Earth Magic
 18762 | Orc:1    | Noticed an ice dragon
 18773 | Orc:1    | HP: 3/67 [polar bear (10)]
 18773 | Orc:1    | HP: 1/67 [polar bear (2)]
 18773 | Orc:1    | Demolished by a polar bear
 18774 | Orc:1    | Reached XP level 10. HP: -20/63 MP: 4/22
 18779 | Orc:2    | Entered Level 2 of the Orcish Mines
 18779 | Orc:2    | Noticed an orc high priest
 18782 | Orc:2    | Noticed a soul eater
 18903 | Orc:2    | Noticed an orc high priest
 19087 | Orc:2    | Found Kiecwoagu's Antique Weapon Boutique.
 19087 | Orc:2    | Noticed an orc high priest
 19087 | Orc:2    | Noticed an orc warlord
 19087 | Orc:2    | Noticed an orc high priest
 19088 | Orc:2    | Noticed an orc knight
 19088 | Orc:2    | Noticed a rust devil
 19088 | Orc:2    | Noticed an orc sorcerer
 19089 | Orc:2    | Noticed a sixfirhy
 19090 | Orc:2    | Killed an orc high priest
 19090 | Orc:2    | Reached skill level 10 in Dodging
 19090 | Orc:2    | Reached skill level 9 in Transmutations
 19091 | Orc:2    | Killed an orc high priest
 19092 | Orc:2    | Killed an orc knight
 19092 | Orc:2    | Reached XP level 11. HP: 31/45 MP: 4/23
 19092 | Orc:2    | Killed an orc sorcerer
 19094 | Orc:2    | Killed an orc warlord
 19192 | Orc:2    | Noticed an orc high priest
 19195 | Orc:2    | Killed an orc high priest
 19544 | Orc:2    | Noticed an orc high priest
 19548 | Orc:2    | Killed an orc high priest
 19744 | Orc:2    | Found Dedghep's Antique Armour Shoppe.
 19815 | Orc:2    | Found a runed translucent gate.
 19815 | Orc:2    | Found a runed translucent gate.
 19815 | Orc:2    | Found a runed translucent gate.
 19815 | Orc:2    | Noticed mg7810's ghost (journeyman MiMo)
 19815 | Orc:2    | Noticed marcb3's ghost (journeyman DEIE)
 19830 | Orc:2    | Noticed an orc high priest
 19835 | Orc:2    | Killed an orc high priest
 19975 | Orc:2    | Reached skill level 5 in Evocations
 20032 | Orc:2    | Noticed a soul eater
 20032 | Orc:2    | Killed an orc high priest
 20298 | Orc:1    | Killed an ice dragon
 20668 | Orc:2    | Found Enunal's Book Shop.
 20713 | Orc:2    | Noticed an orc high priest
 20722 | Orc:2    | Noticed a soul eater
 20722 | Orc:2    | Killed an orc high priest
 21009 | Orc:2    | Found a staircase to the Elven Halls.
 21126 | Orc:2    | Killed an orc high priest
 21126 | Orc:2    | Reached skill level 10 in Transmutations
 21126 | Orc:2    | Gained mutation: Your thick and shaggy fur keeps you warm.
                  | (AC +3, rC+) [Felid growth]
 21126 | Orc:2    | Reached XP level 12. HP: 38/48 MP: 2/25
 21364 | Orc:2    | Found Qanaesk's General Store.
 21409 | Orc:2    | Bought a scroll of blinking for 105 gold pieces
 22403 | D:10     | Found Duciogifol's Jewellery Shop.
 22430 | D:10     | Bought the ring "Ytuan" {rN++ AC+4 SInv} for 634 gold
                  | pieces
 23098 | D:11     | Noticed Josephine
 23107 | D:11     | Killed Josephine
 23413 | D:11     | Noticed a death knight
 23429 | D:11     | Killed a death knight
 24027 | D:11     | Noticed a two-headed ogre
 24033 | D:11     | Killed a two-headed ogre
 24820 | D:12     | Learned a level 5 spell: Yara's Violent Unravelling
 25548 | D:12     | Reached skill level 1 in Hexes
 25652 | D:12     | Noticed a two-headed ogre
 25656 | D:12     | Killed a two-headed ogre
 25743 | D:12     | Noticed an eight-headed hydra
 25765 | D:12     | Killed an eight-headed hydra
 26540 | Orc:2    | Bought a book of the Dragon for 1170 gold pieces
 26548 | Orc:2    | Learned a level 7 spell: Dragon Form
 26614 | Lair:1   | Entered Level 1 of the Lair of Beasts
 26903 | Lair:1   | Reached XP level 13. HP: 51/51 MP: 12/27
 26907 | Lair:1   | Gained mutation: Your spells are a little easier to cast,
                  | but a little less powerful. [mutagenic glow]
 27127 | Lair:1   | Found a broken altar of Ashenzari.
 27593 | Lair:1   | Reached skill level 11 in Transmutations
 28551 | Lair:2   | Slain by a cane toad
 28552 | Lair:2   | Reached XP level 12. HP: -3/50 MP: 0/26
 29411 | Lair:2   | Lost mutation: Your spells are a little easier to cast, but
                  | a little less powerful. [potion of mutation]
 29411 | Lair:2   | Lost mutation: You are weak. (Str -2) [potion of mutation]
 29411 | Lair:2   | Lost mutation: You are partially covered in thin metallic
                  | scales. (AC +2) [potion of mutation]
 29411 | Lair:2   | Gained mutation: Your spells are a little harder to cast,
                  | but a little more powerful. [potion of mutation]
 29411 | Lair:2   | Gained mutation: Your system is resistant to poisons.
                  | (rPois) [potion of mutation]
 29674 | Lair:2   | Reached skill level 10 in Spellcasting
 30200 | Lair:3   | Found a dark tunnel.
 30209 | Volcano  | Entered a volcano
 30419 | Volcano  | HP: 3/75 [salamander/+4 trident (3)]
 31557 | Lair:3   | Found a staircase to the Snake Pit.
 31564 | Lair:3   | Reached skill level 5 in Stealth
 31564 | Lair:3   | Reached skill level 12 in Transmutations
 32305 | Lair:4   | Reached XP level 13. HP: 33/54 MP: 2/28
 33292 | Lair:4   | Reached skill level 13 in Transmutations
 33802 | Lair:4   | Found a staircase to the Shoals.
 34382 | Lair:5   | Reached skill level 14 in Transmutations
 36530 | Lair:5   | Reached skill level 15 in Transmutations
 36758 | Lair:6   | Entered Level 6 of the Lair of Beasts
 37166 | Lair:5   | Reached XP level 14. HP: 18/57 MP: 1/29
 37674 | Lair:6   | Reached skill level 16 in Transmutations
 38097 | Lair:6   | Reached skill level 5 in Fighting
 38670 | Lair:6   | Found a staircase to the Slime Pits.
 41316 | D:13     | Noticed Sonja
 41320 | D:13     | Killed Sonja
 41585 | D:13     | Reached XP level 15. HP: 64/64 MP: 14/30
 41958 | D:13     | Reached skill level 17 in Transmutations
 42184 | D:13     | Noticed Maurice
 42238 | D:13     | Killed Maurice
 42435 | D:14     | Found Foyvaz's Weapon Shop.
 42962 | D:14     | Noticed Nessos
 42968 | D:14     | Killed Nessos
 42968 | D:14     | Reached skill level 10 in Unarmed Combat
 43550 | D:14     | Found a gate to the Vaults.
 43724 | D:15     | Entered Level 15 of the Dungeon
 43841 | D:15     | Noticed Agnes
 43853 | D:15     | Killed Agnes
 44304 | D:15     | Found a staircase to the Depths.
 44364 | D:15     | Learned a level 4 spell: Ice Form
 44931 | D:15     | Found a radiant altar of Vehumet.
 44934 | D:15     | Paralysed by a wight for 7 turns
 45199 | D:15     | Bought a scroll of acquirement for 1040 gold pieces
 45199 | D:15     | Bought a scroll of acquirement for 1040 gold pieces
 45199 | D:15     | Acquired 949 gold pieces
 45201 | D:15     | Acquired 1102 gold pieces
 45203 | D:15     | Bought a scroll of blinking for 150 gold pieces
 45203 | D:15     | Bought a scroll of magic mapping for 70 gold pieces
 45220 | D:15     | Bought a potion of might for 60 gold pieces
 45220 | D:15     | Bought a potion of curing for 45 gold pieces
 45220 | D:15     | Bought a potion of curing for 45 gold pieces
 45222 | D:15     | Bought a Necronomicon for 1656 gold pieces
 45232 | D:15     | Learned a level 8 spell: Necromutation
 45486 | Snake:1  | Entered Level 1 of the Snake Pit
 45514 | Snake:1  | Found Feimusm's Gadget Emporium.
 45748 | Snake:1  | Found Nethruoss's Antique Armour Boutique.
 45756 | Snake:1  | Reached skill level 1 in Necromancy
 46018 | Snake:1  | Found Geff's Armour Shop.
 46104 | Snake:1  | Found Oczur's Armour Shoppe.
 46294 | Snake:1  | Found a transporter.
 46296 | Snake:1  | Found the +0 mask of the Dragon {MR+ Slay+3 SInv}
 46299 | Snake:1  | Found a transporter.
 47246 | Snake:2  | Reached XP level 16. HP: 50/72 MP: 4/31
 47561 | Snake:2  | Noticed Frances
 47575 | Snake:2  | Killed Frances
 48605 | Snake:2  | Found a runed translucent gate.
 48679 | Snake:2  | Reached skill level 10 in Fighting
 48848 | Snake:2  | Reached skill level 5 in Necromancy
 49228 | Snake:2  | Found a runed translucent gate.
 49228 | Snake:2  | Found a runed translucent gate.
 49228 | Snake:2  | Noticed garrulousMonolith's ghost (adept GnFi)
 49228 | Snake:2  | Noticed Icun's ghost (journeyman GnWr)
 49228 | Snake:2  | Noticed Ugeupsej's ghost (adept MiBe)
 49228 | Snake:2  | Noticed Ugeupsej's ghost (adept MiBe)
 49228 | Snake:2  | Noticed Icun's ghost (journeyman GnWr)
 49356 | Snake:2  | Killed garrulousMonolith's ghost
 49366 | Snake:2  | Killed Ugeupsej's ghost
 49368 | Snake:2  | Killed Icun's ghost
 49379 | Snake:2  | Killed Ugeupsej's ghost
 49391 | Snake:2  | Killed Icun's ghost
 49944 | Snake:3  | Found Siapituu's Antique Weapon Shop.
 50221 | Snake:3  | Found Tibb's Weapon Shop.
 51065 | Snake:4  | Entered Level 4 of the Snake Pit
 51065 | Snake:4  | Found Tiheryc's Armour Shoppe.
 51509 | Snake:4  | Found a stormy altar of Qazlal.
 51981 | Snake:4  | Reached skill level 10 in Necromancy
 52611 | Snake:4  | Reached XP level 17. HP: 42/76 MP: 18/33
 52622 | Snake:4  | HP: 1/114 [naga warrior/+0 halberd (18)]
 55939 | Shoals:1 | Entered Level 1 of the Shoals
 56164 | Shoals:1 | Reached skill level 18 in Transmutations
 56186 | Shoals:1 | Killed from afar by a water nymph
 56187 | Shoals:1 | Reached XP level 16. HP: -4/109 MP: 0/32
 56347 | Shoals:1 | Noticed Roxanne
 56476 | Shoals:1 | HP: 5/109 [Roxanne/bolt of magma (35)]
 56485 | Shoals:1 | Killed Roxanne
 56603 | Shoals:1 | Learned a level 6 spell: Statue Form
 57912 | Snake:4  | Got a serpentine rune of Zot
 59003 | Shoals:2 | Found a runed translucent gate.
 59003 | Shoals:2 | Noticed robertstho's ghost (journeyman GnIE)
 59005 | Shoals:2 | Found a runed translucent gate.
 59010 | Shoals:2 | Found a runed translucent gate.
 59151 | Shoals:2 | Reached XP level 17. HP: 77/77 MP: 9/33
 60538 | Shoals:3 | Got a faintly glowing copper amulet
 60541 | Shoals:3 | Identified the amulet of Mullaz {Acrobat Int+2} (You found
                  | it on level 3 of the Shoals)
 61406 | Shoals:4 | Entered Level 4 of the Shoals
 61871 | Shoals:4 | Hit by a silver javelin thrown by a merfolk javelineer

Illustrated notes

Levels and vault maps discovered:
D:1:      lordsloth_arrival_two_stooges, layout_basic, st_stairs_14
D:2:      layout_basic, lemuel_coloured_pillars_altar
D:3:      layout_loops_ring, chequers_serial_rivers_room_a
D:4:      layout_cave_pools, tso_altar, uniq_blork_the_orc
D:5:      layout_loops_corners
D:6:      layout_loops_corners, lemuel_temple_firewalk_b, basic_altar,
          fedhas_bush_and_centaur_altar
D:7:      layout_cave_pods, basic_altar, uniq_duvessa
D:8:      layout_loops_ring, david_lair_generic, ebering_ghost_reflecting_pool
D:9:      layout_basic, minmay_orc_entry_guard_dogs
D:10:     layout_grid_maze, serial_shops, nicolae_shop_crystal
D:11:     layout_gridville, uniq_josephine
D:12:     kennysheep_blocky_hall, layout_basic
D:13:     layout_cave_pools, uniq_sonja, uniq_maurice
D:14:     layout_roguey, ximxim_vaults_locker_room, serial_shops, shop,
          minmay_misc_feat_pillars, uniq_nessos
D:15:     grunt_enter_depths_hoard, layout_small_grid, basic_altar, uniq_agnes
Temple:   kilobyte_greek_temple
Lair:1:   layout_roguey, basic_altar, grunt_megastairs_4
Lair:2:   layout_gridlike, hangedman_lair_generics_rect
Lair:3:   layout_gridlike, minmay_snake_entry_guardpost_small,
          nicolae_volcano_entry_two_sided, infiniplex_staircase_pool_2
Lair:4:   layout_regular_city, minmay_shoals_entry_hut, st_stairs_4,
          lemuel_fruit_tree
Lair:5:   layout_gridlike, serial_bayou_pond_d, kennysheep_basilisk_garden,
          minmay_lair_oklob_chamber
Lair:6:   minmay_lair_end_frog_pond, layout_regular_city,
          minmay_slime_entry_oklob_enclosed, gauntlet_entry_generic
Shoals:1: layout_shoals, uniq_roxanne
Shoals:2: layout_shoals, ebering_ghost_rock_garden, nicolae_shoals_seven_spires,
          uniq_ilsuiw
Shoals:3: layout_shoals
Shoals:4: shoals_end_grunt_ice, layout_shoals, shoal_ilsuiw
Snake:1:  gammafunk_sealed_arena, layout_basic, serial_shops, shop_statue, shop,
          shop, shop
Snake:2:  layout_grid_shapes, gammafunk_ghost_cemetery, grunt_megastairs_2,
          uniq_frances
Snake:3:  layout_basic, serial_shops, shop, nicolae_shop_waterfront
Snake:4:  snake_pit_salamanders_mu, layout_cave_town, basic_altar, serial_shops,
          shop, nicolae_snake_double_loop
Orc:1:    layout_caves, serial_shops, nicolae_shop_window_shopping,
          portal_ice_cave_entry_animals_and_master
Orc:2:    grunt_orc_gardens, layout_caves, grunt_orc_garden, grunt_orc_garden,
          grunt_orc_garden, grunt_orc_garden, gammafunk_ghost_cemetery

Skill      XL: |  1  2  3  4  5  6  7  8  9 10 11 12 13 14 15 16 17 |
---------------+----------------------------------------------------+-----
Poison Magic   | 3 4 5 6 8 9 |  9.5
Transmutations | 2 3 4 6 7 9 10 12 15 16 17 18 | 18.5
Fighting       | 1 2 3 4 7 9 10 11 | 11.1
Spellcasting   | 3 4 5 6 7 8 10 11 | 11.0
Dodging        | 4 6 7 10 11 12 13 | 13.5
Unarmed Combat | 3 2 4 5 6 7 9 10 11 12 | 12.0
Fire Magic     | 2 1 |  2.0
Earth Magic    | 1 3 4 6 7 8 9 |  9.0
Evocations     | 1 2 3 5 6 |  6.0
Hexes          | 2 3 |  3.0
Stealth        | 5 8 9 |  9.1
Necromancy     | 2 12 11 | 12.0
Ice Magic      | |  0.8

Action                   |  1- 3 |  4- 6 |  7- 9 | 10-12 | 13-15 | 16-18 || total
-------------------------+-------+-------+-------+-------+-------+-------++-------
Melee: Unarmed           |    46 |    86 |   149 |   266 |   610 |   768 ||  1925
       Bite              |     2 |     5 |    12 |    28 |    66 |    74 ||   187
       Punch             |       |       |     1 |    10 |    18 |    48 ||    77
       Tailslap          |       |       |       |     7 |    56 |    67 ||   130
 Cast: Sting             |    56 |   117 |    29 |    63 |    15 |       ||   280
       Ignite Poison     |     1 |     6 |    43 |   162 |    96 |    74 ||   382
       Olgreb's Toxic Ra |       |     6 |    32 |   154 |    99 |    70 ||   361
       Mephitic Cloud    |       |       |     4 |    12 |     7 |       ||    23
       Petrify           |       |       |       |    32 |    57 |       ||    89
       Dragon Form       |       |       |       |    11 |    56 |    48 ||   115
       Yara's Violent Un |       |       |       |     3 |       |       ||     3
       Statue Form       |       |       |       |       |       |    32 ||    32
       Necromutation     |       |       |       |       |       |     1 ||     1
Invok: Potion Petition   |       |       |       |     3 |       |     2 ||     5
       Call Merchant     |       |       |       |       |     4 |       ||     4
 Abil: Breathe Fire      |       |       |       |       |     3 |     1 ||     4
       End Transformatio |       |       |       |       |     1 |     1 ||     2
Evoke: Wand              |       |     3 |    19 |    44 |    25 |    10 ||   101
       Box of beasts     |       |       |       |       |     6 |     9 ||    15
  Use: Potion            |     1 |     5 |     1 |     6 |     4 |    12 ||    29
       Scroll            |       |       |    12 |    13 |    12 |    16 ||    53
 Stab: Sleeping          |     4 |     8 |     9 |    11 |     7 |     6 ||    45
       Paralysed         |       |       |     2 |     3 |       |       ||     5
       Petrified         |       |       |       |    57 |    59 |       ||   116
       Petrifying        |       |       |       |     8 |     6 |       ||    14
       Distracted        |       |       |       |       |     9 |     7 ||    16
Armor: Skin              |     8 |    14 |    12 |    40 |   253 |   404 ||   731
Dodge: Dodged            |    67 |   145 |   176 |   318 |   484 |  1018 ||  2208

Table legend: (Time is in decaauts)
 A = Elapsed time spent in this place.
 B = Non-inter-level travel time spent in this place.
 C = Inter-level travel time spent in this place.
 D = Time resting spent in this place.
 E = Time spent auto-exploring this place.
 F = Levels seen in this place.
 G = Mean time per level.
                   A        B        C        D        E       F      G
               +--------+--------+--------+--------+--------+-----+--------+
         Total |  58739 |  56747 |   1992 |  17096 |  30658 |  33 | 1780.0 |
       Dungeon |  25356 |  24460 |    896 |   7952 |  12944 |  15 | 1690.4 |
        Temple |    116 |    109 |      7 |      0 |     98 |   1 |  116.0 |
          Lair |  12447 |  12023 |    424 |   3778 |   6550 |   6 | 2074.5 |
        Shoals |   5187 |   5042 |    145 |    485 |   3478 |   4 | 1296.8 |
     Snake Pit |  11262 |  10860 |    402 |   2852 |   6187 |   4 | 2815.5 |
  Orcish Mines |   3486 |   3369 |    117 |   1463 |   1285 |   2 | 1743.0 |
       Volcano |    883 |    883 |      0 |    564 |    113 |   1 |  883.0 |
               +--------+--------+--------+--------+--------+-----+--------+

Top non-repeatable levels by time:
 Snake:4: 5506 daAuts
  Lair:5: 3333 daAuts
     D:3: 3002 daAuts
  Lair:6: 2537 daAuts
 Snake:2: 2512 daAuts
    D:10: 2289 daAuts
  Lair:4: 2241 daAuts
    D:12: 2131 daAuts
   Orc:1: 2093 daAuts
     D:8: 2012 daAuts
    D:11: 1900 daAuts
Shoals:3: 1878 daAuts
     D:6: 1842 daAuts
 Snake:1: 1709 daAuts
  Lair:1: 1661 daAuts
